 Dungeon Crawl Stone Soup version 0.24.0-123-gd5b16e6ec5 (webtiles) character file.

Game seed: 2312149515557753015, levelgen mode: deterministic

2008 Descartes the Skirmisher (level 9, -4/71 HPs)
             Began as a Formicid Abyssal Knight on Jan 16, 2020.
             Was a Priest of Lugonu.
             Slain by a gnoll sergeant
             ... wielding a +0 trident
              (6 damage)
             ... on level 6 of the Dungeon.
             The game lasted 00:18:30 (7904 turns).

Descartes the Skirmisher (Formicid Abyssal Knight)  Turns: 7904, Time: 00:18:31

Health: -4/71      AC:  6    Str: 20    XL:     9   Next: 46%
Magic:  21/21      EV: 12    Int: 12    God:    Lugonu [***...]
Gold:   321        SH:  0    Dex: 10    Spells: 8/8 levels left

rFire    + . .     SeeInvis +   t - +3 war axe
rCold    x . .     Gourm    .   (no shield)
rNeg     . . .     Faith    .   g - +1 ring mail
rPois    .         Spirit   .   (helmet unavailable)
rElec    .         Reflect  .   j - scarf {repulsion}
rCorr    .         Harm     .   (no gloves)
MR       .....                  (no boots)
Stlth    +.........             (no amulet)
HPRegen  0.21/turn              l - ring of fire
MPRegen  0.17/turn              m - ring of magical power

@: repel missiles
A: permanent stasis, dig shafts and tunnels, four strong arms, antennae 3,
hooves 1, slimy green scales 1, deformed body
a: Dig, Shaft Self, Depart the Abyss, Bend Space, Banish, Renounce Religion


You were on level 6 of the Dungeon.
You worshipped Lugonu.
Lugonu was most pleased with you.
You were hungry.

You visited 1 branch of the dungeon, and saw 6 of its levels.
You visited the Abyss 1 time.

You collected 321 gold pieces.

Inventory:

Hand Weapons
 n - a +0 hunting sling
 r - a +1 antimagic trident
 t - a +3 war axe (weapon)
 y - a +0 longbow
Missiles
 h - 275 stones (quivered)
 k - 20 poisoned darts
 q - 60 arrows
 s - 17 bolts
 A - 26 sling bullets
Armour
 g - a +1 ring mail (worn)
 j - a scarf of repulsion (worn)
 p - a +0 chain mail
 G - a +1 cloak
Jewellery
 l - a ring of fire (left hand)
 m - a ring of magical power (right hand)
 C - a cursed -3 ring of strength {unknown}
 E - an uncursed amulet of magic regeneration {unknown}
Wands
 i - a wand of polymorph (5)
 v - a wand of iceblast (8)
Scrolls
 f - 4 scrolls of enchant armour
 o - 2 scrolls of identify
 u - 3 scrolls of remove curse
 B - a scroll of teleportation {unknown}
 D - a scroll of enchant weapon
 I - a scroll of magic mapping {unknown}
Potions
 a - 3 potions of cancellation {unknown}
 b - 2 potions of heal wounds
 d - 4 potions of curing
 e - 5 potions of lignification
 w - a potion of flight {unknown}
 x - 2 potions of agility {unknown}
 z - a potion of might {unknown}
 F - a potion of ambrosia {unknown}
Comestibles
 c - 9 rations


   Skills:
 + Level 6.7 Fighting
 + Level 6.6 Axes
 + Level 6.3 Armour
 + Level 4.2 Dodging
 - Level 0.8 Stealth
 + Level 5.3 Invocations


You had 8 spell levels left.
You didn't know any spells.
Your spell library was empty.

Dungeon Overview and Level Annotations

Branches:
Dungeon (6/15)
 Temple: D:4-7

Altars:
Elyvilon
Fedhas
Makhleb
Okawaru


Innate Abilities, Weirdness & Mutations

You cannot be hasted, slowed, berserked, paralysed or teleported.
You can dig through walls and to a lower floor.
Your four strong arms can wield two-handed weapons with a shield.
You have a pair of large antennae on your head. (SInv)
You have large cloven feet.
You are partially covered in slimy green scales. (AC +2)
Armour fits poorly on your strangely shaped body.


Message History

You closely miss the gnoll sergeant. Your kick misses the gnoll sergeant.
The gnoll sergeant is lightly wounded.
The gnoll sergeant barely misses you.
You hit the gnoll sergeant.
The gnoll sergeant is moderately wounded.
The gnoll sergeant hits you with a +0 trident!
* * * LOW HITPOINT WARNING * * *
You hit the gnoll sergeant but do no damage.
The gnoll sergeant is moderately wounded.
The gnoll sergeant hits you with a +0 trident.
* * * LOW HITPOINT WARNING * * *
You slash the gnoll sergeant!
You kick the gnoll sergeant, but do no damage.
The gnoll sergeant is severely wounded.
The gnoll sergeant hits you with a +0 trident.
* * * LOW HITPOINT WARNING * * *
You closely miss the gnoll sergeant.
The gnoll sergeant is severely wounded.
The gnoll sergeant hits you with a +0 trident.
You die...

###..##..### #........
#........## ##.........
##.........## #...%......
#...........# ##..........
##...........## #...........
#.............# #...........
#.............## #...........
#.............)####..)........
#..............#@#{..........#
#..............##g#..(.......#
...............####..(......##
...............# #.g.....###
...............# ###....###
##..........########.(.....#
#######......###....#......#
##...#######......g.###.....
#.......## ###..##..# #....


You could see a gnoll sergeant.

Vanquished Creatures
  Grinder (D:4)
  Sigmund (D:2)
  A water moccasin (D:6)
  Duvessa (D:4)
  A phantom (D:5)
  A necrophage (D:5)
  An ogre (D:4)
  A centaur (D:6)
  Dowan (D:4)
  A howler monkey (D:4)
  2 crimson imps (D:6)
  A quasit (D:4)
  A hound (D:4)
  2 orc wizards (D:5)
  7 orc priests
  A centaur skeleton (D:5)
  Natasha (thrice) (D:4)
  8 worker ants
  Robin (D:4)
  A howler monkey zombie (D:6)
  9 gnolls
  9 adders
  A shadow imp (D:5)
  An ooze (D:2)
  An adder zombie (D:5)
  5 worms
  4 dart slugs (D:1)
  2 leopard geckos
  14 orcs
  4 bats
  5 giant cockroaches
  17 goblins
  14 hobgoblins
  5 jackals
  7 kobolds
  3 quokkas
  A ball python (D:1)
  9 frilled lizards
  A leopard gecko skeleton (D:6)
  2 leopard gecko zombies
  6 rats
157 creatures vanquished.

Notes
Turn   | Place    | Note
-------+----------+-------------------------------------------
     0 | Abyss:1  | Descartes the Formicid Abyssal Knight began the quest for
                  | the Orb.
     0 | Abyss:1  | Reached XP level 1. HP: 18/18 MP: 2/2
    34 | Abyss:1  | Noticed a ynoxinul
    48 | Abyss:1  | Noticed a smoke demon
    58 | Abyss:1  | Noticed a quasit
    72 | D:1      | Escaped the Abyss
   327 | D:1      | Reached XP level 2. HP: 21/25 MP: 3/3
   520 | D:1      | Reached skill level 1 in Dodging
   682 | D:1      | Reached * piety under Lugonu
   805 | D:1      | Reached XP level 3. HP: 21/30 MP: 4/4
  1302 | D:2      | Reached XP level 4. HP: 16/37 MP: 5/5
  2383 | D:2      | Reached XP level 5. HP: 5/42 MP: 6/6
  3216 | D:2      | Gained mutation: Your system is resistant to poisons.
                  | (rPois) [potion of mutation]
  3216 | D:2      | Gained mutation: Your mind is acute. (Int +2) [potion of
                  | mutation]
  3217 | D:2      | Lost mutation: Your mind is acute. (Int +2) [potion of
                  | mutation]
  3217 | D:2      | Lost mutation: Your system is resistant to poisons. (rPois)
                  | [potion of mutation]
  3217 | D:2      | Gained mutation: Your magical capacity is low. (-10% MP)
                  | [potion of mutation]
  3217 | D:2      | Gained mutation: You are partially covered in slimy green
                  | scales. (AC +2) [potion of mutation]
  3217 | D:2      | Gained mutation: Your flesh is cold resistant. (rC+)
                  | [potion of mutation]
  3218 | D:2      | Lost mutation: Your magical capacity is low. (-10% MP)
                  | [potion of mutation]
  3218 | D:2      | Gained mutation: Your body sometimes deteriorates upon
                  | taking damage. [potion of mutation]
  3218 | D:2      | Gained mutation: You are resistant to hostile enchantments.
                  | (MR+) [potion of mutation]
  3218 | D:2      | Gained mutation: You evolve. [potion of mutation]
  3220 | D:2      | Noticed Sigmund
  3239 | D:2      | Killed Sigmund
  3239 | D:2      | Reached XP level 6. HP: 28/49 MP: 7/7
  3372 | D:2      | Found a faded altar of an unknown god.
  3372 | D:2      | Found an iron altar of Okawaru.
  3377 | D:2      | Found a burning altar of Makhleb.
  3379 | D:2      | Found a faded altar of an unknown god.
  3381 | D:2      | Found a white marble altar of Elyvilon.
  3722 | D:3      | Reached ** piety under Lugonu
  4357 | D:4      | Noticed Grinder
  4379 | D:4      | Killed Grinder
  4379 | D:4      | Reached skill level 5 in Fighting
  4379 | D:4      | Reached skill level 5 in Axes
  4379 | D:4      | Reached XP level 7. HP: 26/56 MP: 8/8
  5123 | D:4      | Noticed Robin
  5131 | D:4      | Reached XP level 8. HP: 62/62 MP: 10/10
  5151 | D:4      | Killed Robin
  5187 | D:4      | Reached skill level 5 in Armour
  5477 | D:4      | Noticed Natasha
  5484 | D:4      | Killed Natasha
  5597 | D:4      | Noticed Natasha
  5605 | D:4      | Killed Natasha
  5671 | D:4      | Noticed Dowan
  5671 | D:4      | Noticed Duvessa
  5693 | D:4      | Killed Duvessa
  5702 | D:4      | Killed Dowan
  5764 | D:4      | Lost mutation: You evolve. [end of evolution]
  5765 | D:4      | Lost mutation: Your flesh is cold resistant. (rC+) [potion
                  | of mutation]
  5765 | D:4      | Lost mutation: You are resistant to hostile enchantments.
                  | (MR+) [potion of mutation]
  5765 | D:4      | Lost mutation: Your body sometimes deteriorates upon taking
                  | damage. [potion of mutation]
  5765 | D:4      | Gained mutation: You are agile. (Dex +2) [potion of
                  | mutation]
  5765 | D:4      | Gained mutation: You have an increased reservoir of magic.
                  | (+10% MP) [potion of mutation]
  5766 | D:4      | Lost mutation: You are agile. (Dex +2) [potion of mutation]
  5766 | D:4      | Lost mutation: You have an increased reservoir of magic.
                  | (+10% MP) [potion of mutation]
  5766 | D:4      | Gained mutation: Armour fits poorly on your strangely
                  | shaped body. [potion of mutation]
  5766 | D:4      | Gained mutation: You have large cloven feet. [potion of
                  | mutation]
  5818 | D:4      | Noticed Natasha
  5825 | D:4      | Killed Natasha
  5973 | D:5      | Entered Level 5 of the Dungeon
  6242 | D:5      | Reached *** piety under Lugonu
  6255 | D:5      | Reached XP level 9. HP: 10/69 MP: 12/12
  6658 | D:5      | Found a blossoming altar of Fedhas.
  7515 | D:6      | Reached skill level 5 in Invocations
  7903 | D:6      | HP: 1/71 [gnoll sergeant/+0 trident (6)]
  7904 | D:6      | Slain by a gnoll sergeant

Levels and vault maps discovered:
D:1:      eino_arrival_water_star, layout_rooms, hex_tiny, interstate_on_off
D:2:      layout_basic, chequers_temple_overflow_minitemple, first_ration,
          uniq_sigmund
D:3:      layout_loops_cross
D:4:      layout_gridville, uniq_duvessa, uniq_grinder, uniq_robin, uniq_natasha
D:5:      layout_basic, fedhas_ov_isle_minmay
D:6:      layout_cave_pods, marbit_many_paths, xom_teletrap_fun

Skill      XL: |  1  2  3  4  5  6  7  8  9 |
---------------+----------------------------+-----
Dodging        | 1 2 3 4 |  4.2
Fighting       | 4 5 6 |  6.7
Armour         | 3 4 5 6 |  6.3
Axes           | 3 4 5 6 |  6.6
Invocations    | 4 5 |  5.3
Stealth        | |  0.8

Action                   |  1- 3 |  4- 6 |  7- 9 || total
-------------------------+-------+-------+-------++-------
Melee: Hand axe          |    92 |   164 |       ||   256
       War axe           |       |    10 |   251 ||   261
       Kick              |       |       |    34 ||    34
Invok: Depart the Abyss  |     1 |       |       ||     1
 Abil: Dig               |       |       |     3 ||     3
  Use: Scroll            |     4 |     6 |       ||    10
       Potion            |       |     3 |     2 ||     5
  Eat: Chunk             |     1 |     7 |    11 ||    19
       Ration            |       |     1 |       ||     1
Armor: Leather armour    |    36 |    13 |       ||    49
       Ring mail         |       |    44 |   109 ||   153
Dodge: Dodged            |    81 |   105 |   220 ||   406
       Deflected         |     1 |     2 |     5 ||     8
